 Dungeon Crawl Stone Soup version 0.21.1-1-g345015f (webtiles) character file.

125 Solrac the Skirmisher (level 5, -4/47 HPs)
             Began as a Hill Orc Fighter on Mar 17, 2018.
             Slain by Sigmund
             ... wielding a +0 scythe
              (10 damage)
             ... on level 3 of the Dungeon.
             The game lasted 00:08:32 (2312 turns).

Solrac the Skirmisher (Hill Orc Fighter)            Turns: 2312, Time: 00:08:33

Health: -4/47      AC:  7    Str: 19    XL:     5   Next: 9%
Magic:  5/5        EV:  7    Int:  8    God:
Gold:   72         SH:  9    Dex: 11    Spells: 4/4 levels left

rFire    . . .     SeeInvis .   a - +1 flail
rCold    . . .     Gourm    .   c - +0 shield
rNeg     . . .     Faith    .   b - +0 scale mail
rPois    .         Spirit   .   (no helmet)
rElec    .         Reflect  .   i - scarf {cloud immunity}
rCorr    .         Harm     .   (no gloves)
MR       .....                  (no boots)
Stlth    ..........             (no amulet)
HPRegen  0.15/turn              (no ring)
MPRegen  0.09/turn              (no ring)

@: no status effects
A: no striking features
a: no special abilities


You were on level 3 of the Dungeon.
You were hungry.

You visited 1 branch of the dungeon, and saw 3 of its levels.

You collected 72 gold pieces.

Inventory:

Hand Weapons
 a - a +1 flail (weapon)
Missiles
 e - 69 stones (quivered)
Armour
 b - a +0 scale mail (worn)
 c - a +0 shield (worn)
 i - a scarf of cloud immunity (worn)
Jewellery
 k - an uncursed ring of ice {unknown}
 l - an uncursed ring of protection from magic {unknown}
Scrolls
 h - a scroll of enchant weapon
 j - a scroll of fog {unknown}
Potions
 d - a potion of might
Comestibles
 f - 3 rations
 g - 11 chunks of flesh


   Skills:
 + Level 4.4 Fighting
 * Level 3.8 Maces & Flails
 + Level 4.0 Armour
 + Level 4.0 Shields


You had 4 spell levels left.
You didn't know any spells.

Dungeon Overview and Level Annotations

Branches:
Dungeon (3/15)

Altars:

Annotations:
D:3 Robin, Sigmund


Message History

You thump something!
The jackal bites you but does no damage.
You hear some strange, mumbled words.
A puff of flame appears from out of thin air!
You block the puff of flame. The jackal closely misses you.
Something hits you but does no damage.
You closely miss something.
The jackal bites you but does no damage.
You block the jackal's attack.
You sock something! Something hits you.
* * * LOW HITPOINT WARNING * * *
You block the jackal's attack.
You barely miss something.
The jackal bites you but does no damage.
Something hits you!
* * * LOW HITPOINT WARNING * * *
The jackal bites you.
* * * LOW HITPOINT WARNING * * *
You closely miss something. You block the jackal's attack. Something hits you!
You die...

#....#................#
#.####................#
# #................#
##...............#
#......รท).......#
#..............#
.....#.gg..#.....##
......##{##########
.$....##@# ....## #h#
...# #h# ### #s# #h#


lh. ... ... ..... You could see a leopard gecko, 4 jackals, a giant cockroach, a
hobgoblin and a goblin.

Vanquished Creatures
  3 gnolls (D:2)
  2 adders
  A dart slug (D:1)
  4 leopard geckos
  2 orcs
  3 ball pythons
  7 giant cockroaches
  7 goblins
  4 hobgoblins
  8 jackals
  6 kobolds
  4 quokkas
  5 bats
  2 frilled lizards (D:2)
  7 rats
65 creatures vanquished.

Vanquished Creatures (others)
  5 toadstools (D:1)
5 creatures vanquished.

Grand Total: 70 creatures vanquished

Notes
Turn   | Place    | Note
-------+----------+-------------------------------------------
     0 | D:1      | Solrac the Hill Orc Fighter began the quest for the Orb.
     0 | D:1      | Reached XP level 1. HP: 19/19 MP: 1/1
   140 | D:1      | Reached XP level 2. HP: 24/27 MP: 2/2
   767 | D:2      | Reached XP level 3. HP: 32/33 MP: 3/3
   992 | D:2      | HP: 1/33 [gnoll/halberd (9)]
  1340 | D:2      | Reached XP level 4. HP: 36/40 MP: 4/4
  2218 | D:3      | Noticed Robin
  2232 | D:3      | Reached XP level 5. HP: 45/47 MP: 5/5
  2276 | D:3      | Noticed Sigmund
  2312 | D:3      | Slain by Sigmund

Skill      XL: |  1  2  3  4 |
---------------+-------------+-----
Fighting       | 4 |  4.4
Maces & Flails | 3 |  3.8
Shields        | 4 |  4.0
Armour         | 4 |  4.0

Action                   |  1- 3 |  4- 6 || total
-------------------------+-------+-------++-------
Melee: Flail             |   122 |    90 ||   212
  Use: Scroll            |     1 |       ||     1
  Eat: Chunk             |     1 |     3 ||     4
Armor: Scale mail        |    44 |    49 ||    93
Dodge: Dodged            |    43 |    36 ||    79
Block: Shield            |    72 |    56 ||   128
